 Dungeon Crawl Stone Soup version 0.31.0-12-g77e489cdc1 (webtiles) character file.

Game seed: 15921715430759161280

774 Amicta the Trooper (level 7, -2/52 HPs)
             Began as an Octopode Monk on Feb 13, 2024.
             Slain by an ogre
             ... wielding a +0 giant club
              (36 damage)
             ... on level 5 of the Dungeon.
             The game lasted 00:06:07 (4494 turns).

Amicta the Trooper (Octopode Monk)                  Turns: 4494, Time: 00:06:07

Health: -2/52      AC:  1    Str: 10    XL:     7   Next: 84%
Magic:  7/7        EV: 14    Int: 13    God:
Gold:   224        SH:  5    Dex: 16    Spells: 6/6 levels left

rFire   . .          .
                       - Unarmed
rCold   . . .        b - orb {light}
rNeg    . . .        u - +0 hat
rPois   +            y - amulet of reflection
rElec   .            Z - ring of wizardry
rCorr   .            P - ring of poison resistance
SInv    .            (no ring)
Will    .....        (no ring)
Stlth   +            (no ring)
HPRegen 0.28/turn    (no ring)
MPRegen 0.10/turn    (no ring)
                     (no ring)

%: reflection, wizardry (x1)
@: glowing
A: almost no armour, amphibious, 8 rings, camouflage 1, gelatinous body 1,
(nimble swimmer 1), tentacles
a: no special abilities


You were on level 5 of the Dungeon.
You visited 1 branch of the dungeon, and saw 5 of its levels.

You collected 224 gold pieces.


Innate Abilities, Weirdness & Mutations

You cannot wear most types of armour.
You are amphibious.
You can wear up to eight rings at the same time.
Your skin changes colour to match your surroundings (Stealth+).
Your rubbery body absorbs attacks. (AC +1, EV +1)
((You are camouflaged when in or above water. (Stealth+)))
You have tentacles for arms and can constrict up to eight enemies at once.


   Skills:
 - Level 6.0 Fighting
 - Level 3.0 Dodging
 + Level 1.9 Stealth
 - Level 6.0 Unarmed Combat
 - Level 4.0 Evocations


You had 6 spell levels left.
You didn't know any spells.
Your spell library was empty.

Inventory:

Hand Weapons
 w - a +2 whip of electrocution
Missiles
 g - 4 atropa-tipped darts
 k - 9 javelins (quivered)
Armour
 b - an orb of light (worn)
 u - a +0 hat (worn)
Jewellery
 v - an amulet of the acrobat
 y - an amulet of reflection (around mantle)
 P - a ring of poison resistance (right tentacle)
 Z - a ring of wizardry (left tentacle)
Wands
 n - a wand of charming (11)
Scrolls
 d - 2 scrolls of fear {unknown}
 f - 2 scrolls of immolation
 l - a scroll of blinking {unknown}
 p - a scroll of teleportation {unknown}
 r - 2 scrolls of identify {unknown}
 s - a scroll of silence {unknown}
 t - a scroll of fog {unknown}
 x - a scroll of brand weapon {unknown}
Potions
 a - a potion of ambrosia
 c - 3 potions of enlightenment {unknown}
 e - 7 potions of curing {unknown}
 h - 2 potions of cancellation {unknown}
 i - a potion of might {unknown}
 j - 3 potions of mutation {unknown}
 m - 2 potions of haste {unknown}
 o - 3 potions of attraction {unknown}
 q - a potion of heal wounds {unknown}

Dungeon Overview and Level Annotations

Branches:
Dungeon (5/15)
 Temple: D:4-7

Altars:
Fedhas
Hepliaklqana
Ru
Vehumet

Shops:
D:4 *

Annotations:
D:3 1 runed translucent door, Crazy Yiuf
D:5 2 transporters, Villanelle's ghost, novice DjFE

▓▓▓▓▓▓▓▓▓▓▓▓▓
▓..@O.......▓
▓.▓▓▓▓▓▓▓▓...▓
▓.▓▓▓▓▓▓ ...▓
▓......###########▓
▓.▓▓▓▓..~~~~~~~~~.▓▓
▓.▓ ▓..~~~~.~~)~..▓
▓.▓ ▓▓.~~~~~~††~...
▓.▓ ▓###########▓▓
▓.▓ ▓▓▓▓▓▓..▓▓.▓▓..


You could see an ogre.


Message History

No target in view!
No target in view!
You now have 224 gold pieces (gained 13).
Things that are here:
a +0 falchion; a +0 leather armour; an orc corpse
There is a collapsed entrance here.
You enter the shallow water.
An ogre comes into view. It is wielding a +0 giant club.
The ogre moves out of view.
The ogre shouts!
An ogre is nearby!
An ogre is nearby!
Okay, then.
You tentacle-slap the ogre.
The ogre is lightly wounded.
You tentacle-slap the ogre. You squeeze the ogre.
The ogre is moderately wounded.
The ogre closely misses you.
Unknown command.
You tentacle-slap the ogre. You squeeze the ogre.
The ogre is heavily wounded.
The ogre hits you with a +0 giant club!!
You tentacle-slap the ogre.
The ogre is severely wounded.
Unknown command.
You tentacle-slap the ogre. You squeeze the ogre.
The ogre is almost dead.
The ogre hits you with a +0 giant club!!!
Ouch! That really hurt!
You die...

Skill      XL: |  1  2  3  4  5  6  7 |
---------------+----------------------+-----
Fighting       | 4 5 6 |  6.0
Unarmed Combat | 4 5 6 |  6.0
Evocations     | 4 |  4.0
Stealth        | 1 |  1.9
Dodging        | |  3.0

Action                     |  1- 3 |  4- 6 |  7- 9 || total
---------------------------+-------+-------+-------++-------
  Melee: Unarmed           |    64 |    69 |    25 ||   158
         Constrict         |    21 |    17 |     7 ||    45
         Tentacles         |    18 |    19 |    12 ||    49
         Punch             |     1 |     8 |       ||     9
  Throw: Dart              |       |     2 |       ||     2
         Javelin           |       |     2 |       ||     2
    Use: Scroll            |       |     1 |       ||     1
   Stab: Distracted        |     1 |       |       ||     1
         Sleeping          |       |     1 |     1 ||     2
 Armour: Skin              |    27 |    27 |     6 ||    60
  Dodge: Dodged            |    35 |    49 |     9 ||    93

Levels and vault maps discovered:
D:1:      ncdulo_watergridlock, layout_rooms
D:2:      layout_basic
D:3:      layout_basic, amcnicky_altar_gilded, basic_ecumenical_altar,
          minmay_misc_feat_diagonals, uniq_crazy_yiuf_cottage
D:4:      layout_basic, mainiacjoe_overflow_cross_hatched,
          nicolae_alphabet_shops, kennysheep_generic_room_12
D:5:      layout_loops_ring, lemuel_round_altar,
          mainiacjoe_overflow_small_starburst, gammafunk_ghost_arena,
          portal_sewer_entry_f, serial_demonic, serial_demonic_d,
          serial_demonic_e, serial_demonic_b, serial_demonic_g, uniq_pikel

Notes
Turn   | Place    | Note
-------+----------+-------------------------------------------
     0 | D:1      | Amicta the Octopode Monk began the quest for the Orb.
     0 | D:1      | Reached XP level 1. HP: 16/16 MP: 1/1
    45 | D:1      | You fall into a shaft and drop 1 floor!
    57 | D:2      | Reached XP level 2. HP: 10/22 MP: 2/2
   489 | D:1      | Reached skill level 4 in Fighting
   546 | D:1      | Reached XP level 3. HP: 27/27 MP: 3/3
  1694 | D:3      | Found a faded altar of an unknown god.
  2013 | D:3      | Found a hazy altar of Hepliaklqana.
  2417 | D:3      | Found a runed translucent door.
  2418 | D:3      | Noticed Crazy Yiuf
  2581 | D:4      | Reached XP level 4. HP: 34/34 MP: 4/4
  2616 | D:4      | Found a blossoming altar of Fedhas.
  2744 | D:4      | Reached skill level 5 in Fighting
  2766 | D:4      | Noticed a scorpion
  2791 | D:4      | Killed a scorpion
  2792 | D:4      | Reached skill level 4 in Unarmed Combat
  2792 | D:4      | Reached XP level 5. HP: 15/39 MP: 5/5
  3401 | D:4      | Found Tireheh's Tempting Trifles.
  3533 | D:5      | Entered Level 5 of the Dungeon
  3533 | D:5      | Found a transporter.
  3536 | D:5      | Found a transporter.
  3536 | D:5      | Noticed Villanelle's ghost (novice DjFE)
  3564 | D:5      | Reached skill level 5 in Unarmed Combat
  3647 | D:5      | Reached XP level 6. HP: 36/45 MP: 6/6
  3795 | D:5      | Found a radiant altar of Vehumet.
  3809 | D:5      | Noticed Pikel
  3839 | D:5      | Killed Pikel
  3840 | D:5      | Reached skill level 6 in Fighting
  3840 | D:5      | Reached skill level 4 in Evocations
  3840 | D:5      | Reached XP level 7. HP: 34/52 MP: 7/7
  4007 | D:5      | Found a sacrificial altar of Ru.
  4265 | D:5      | Reached skill level 6 in Unarmed Combat
  4265 | D:5      | Reached skill level 1 in Stealth
  4494 | D:5      | Slain by an ogre

Vanquished Creatures
  Pikel (D:5)
  A scorpion (D:4)
  An orc priest (D:4)
  3 iguanas (D:5)
  A sleepcap (D:4)
  3 adders
  A gnoll (D:2)
  A shadow imp (D:5)
  2 white imps (D:5)
  An ufetubus (D:5)
  2 dart slugs
  A ribbon worm (D:2)
  8 orcs
  A bat (D:2)
  3 endoplasms
  5 giant cockroaches
  4 goblins
  2 hobgoblins (D:1)
  5 quokkas
  5 ball pythons
  A frilled lizard (D:1)
  4 kobolds
  3 rats
59 creatures vanquished.

Table legend: (Time is in decaauts)
 A = Elapsed time spent in this place.
 B = Non-inter-level travel time spent in this place.
 C = Inter-level travel time spent in this place.
 D = Time resting spent in this place.
 E = Time spent auto-exploring this place.
 F = Levels seen in this place.
 G = Mean time per level.
                   A        B        C        D        E       F      G
               +--------+--------+--------+--------+--------+-----+--------+
         Total |   4482 |   4353 |    129 |    679 |   3084 |   5 |  896.4 |
       Dungeon |   4482 |   4353 |    129 |    679 |   3084 |   5 |  896.4 |
               +--------+--------+--------+--------+--------+-----+--------+

Top non-repeatable levels by time:
     D:4: 1036 daAuts
     D:3: 984 daAuts
     D:2: 983 daAuts
     D:5: 955 daAuts
     D:1: 523 daAuts

Table legend:
 A = Non-vault XP
 B = Vault XP
 C = Vault XP percentage of total XP
 D = Non-vault monster count
 E = Vault monster count
 F = Vault count percentage of total count
                 A         B        C        D         E       F
            +---------+---------+-------+---------+---------+-------
      Total |     426 |     681 |  61.5 |      49 |      10 |  16.9
            +---------+---------+-------+---------+---------+-------
        D:1 |      26 |       0 |   0.0 |      16 |       0 |   0.0
        D:2 |      44 |       0 |   0.0 |       9 |       0 |   0.0
        D:3 |       7 |       0 |   0.0 |       4 |       0 |   0.0
        D:4 |     195 |       1 |   0.5 |      12 |       1 |   7.7
        D:5 |     154 |     680 |  81.5 |       8 |       9 |  52.9
            +---------+---------+-------+---------+---------+-------
